 Dungeon Crawl Stone Soup version 0.28.0-45-g0d030f2227 (webtiles) character file.

Game seed: 4208426741854657824

20428 theElss the Fighter (level 12, 0/81 HPs)
             Began as a Gargoyle Berserker on Mar 30, 2022.
             Was a Believer of Trog.
             Killed from afar by an acid dragon (33 damage)
             ... with a splash of acid
             ... on level 11 of the Dungeon.
             The game lasted 00:30:23 (14979 turns).

theElss the Fighter (Gargoyle Berserker)           Turns: 14979, Time: 00:30:24

Health: 0/81       AC: 25    Str: 31    XL:     12   Next: 79%
Magic:  12/12      EV: 13    Int:  7    God:    Trog [**....]
Gold:   429        SH:  0    Dex: 17    Spells: 11/11 levels left

rFire   . . .      SeeInvis .   s - +1 flail (holy)
rCold   . . .      Faith    .   (no shield)
rNeg    + . .      Spirit   .   u - +0 plate armour
rPois   ∞          Reflect  .   (no helmet)
rElec   +          Harm     .   (no cloak)
rCorr   .          Rampage  .   d - +0 pair of gloves
Will    .....                   (no boots)
Stlth   ..........              E - amulet of magic regeneration
HPRegen 0.23/turn               O - +6 ring of strength
MPRegen 0.53/turn               M - +6 ring of dexterity

@: on berserk cooldown, slowed, very slow
A: sickness immunity, AC +8, negative energy resistance 1, electricity
resistance, torment resistance 1, petrification resistance
a: Renounce Religion, Berserk, Trog's Hand


You were on level 11 of the Dungeon.
You worshipped Trog.
Trog was pleased with you.
You visited 2 branches of the dungeon, and saw 12 of its levels.

You collected 565 gold pieces.
You spent 136 gold pieces at shops.

Inventory:

Hand Weapons
 s - a +1 flail of holy wrath (weapon)
 K - a +1 whip of electrocution
Armour
 d - a +0 pair of gloves (worn)
 u - a +0 plate armour (worn)
Jewellery
 n - a ring of see invisible
 x - a ring of ice
 y - a ring of flight
 E - an amulet of magic regeneration (around neck)
 I - a ring of ice
 M - a +6 ring of dexterity (right hand)
 O - a +6 ring of strength (left hand)
Wands
 B - a wand of polymorph (5)
 D - a wand of paralysis (8)
 G - a wand of digging (7)
 J - a wand of flame (7)
Scrolls
 g - 3 scrolls of enchant weapon
 l - 2 scrolls of silence
 m - a scroll of brand weapon
 r - 3 scrolls of teleportation
 t - 2 scrolls of blinking
 v - 2 scrolls of fog
 w - 2 scrolls of fear
 C - a scroll of enchant armour {unknown}
 F - a scroll of holy word {unknown}
 N - a scroll of amnesia {unknown}
Potions
 a - a potion of magic
 c - 2 potions of resistance
 h - 3 potions of haste
 i - 2 potions of curing
 j - 4 potions of degeneration
 k - 4 potions of heal wounds
 o - 3 potions of berserk rage
 p - 3 potions of ambrosia
 q - 3 potions of brilliance
 z - a potion of might
 A - 4 potions of flight
 H - a potion of lignification


   Skills:
 + Level 12.0 Fighting
 + Level 11.0 Maces & Flails
 + Level 11.7 Armour
 + Level 9.1 Dodging


You had 11 spell levels left.
You didn't know any spells.
Your spell library was empty.

Dungeon Overview and Level Annotations

Branches:
Dungeon (11/15)            Temple (0/1) D:5            Lair (1/6) D:10
    Orc: D:9-12

Altars:
Ashenzari
Cheibriados
Elyvilon
Hepliaklqana
Kikubaaqudgha
Okawaru
Trog
Wu Jian
Yredelemnul
Zin

Shops:
D:5 (*?   D:8 *

Annotations:
D:3 1 runed translucent door, Olga's ghost, amateur FoFi


Innate Abilities, Weirdness & Mutations

You are immune to sickness and miasma.
Your stone body is resilient. (AC +8)
You are immune to poison.
You resist negative energy. (rN+)
You are resistant to electric shocks. (rElec)
You are resistant to unholy torment.
You are immune to petrification.


Message History

An acid dragon comes into view.
The acid dragon roars!
You feel a strong urge to attack something.
You sock the efreet!
The efreet convulses!
The efreet is severely wounded.
The efreet gestures at you.
The fireball explodes!
The fireball engulfs you!!
The fireball engulfs the efreet.
The efreet completely resists.
An orc knight comes into view. It is wielding a +1 long sword.
You thump the efreet!
The efreet convulses!
You kill the efreet!
Trog accepts your kill.
You feel a strong urge to attack something.
The acid dragon bites you but does no damage.
The acid dragon barely misses you.
You hit the acid dragon.
The acid dragon is lightly wounded.
You barely miss the acid dragon.
The acid dragon is lightly wounded.
The acid dragon bites you. The acid dragon barely misses you.
You bludgeon the acid dragon!!
The acid dragon is severely wounded.
The acid dragon bites you!
The acid dragon claws you but does no damage.
You hit the acid dragon.
The acid dragon is almost dead.
You closely miss the acid dragon.
The acid dragon is almost dead.
You are no longer berserk.
You are exhausted.
You feel yourself slow down.
The orc knight hits you but does no damage.
The acid dragon bites you but does no damage.
The acid dragon closely misses you.
You hit the acid dragon.
The acid dragon is almost dead.
The orc knight hits you with a +1 long sword.
The acid dragon spits acid at you. The splash of acid hits you!!
You die...

####..# #.....##
##'###..###### #########
#............###...†...# ##
#......###.........###.#
.####......#}####...#### #.#
.##.)......##...#####...##.#
.#..#..<....#....o......#..#
.'.##.......#.)#@D...# #..#
.####.......##..##.##..##..#
.# ####'##..#..# # #...# .#
##.....#..# #...## ##
#..#...#..# #....#
#.##..##..#####. ##...#
####'##..#..#.....# #...#
#........#.......... #...#
####.......##...#####..
##..#


You could see an orc knight and an acid dragon (catching breath).

Vanquished Creatures
  Snorg (D:11)
  Josephine (D:10)
  A boulder beetle (D:10)
  2 hydras
  2 centaur warriors
  4 two-headed ogres
  Pikel (D:7)
  An ugly thing (D:11)
  Maurice (D:10)
  An elephant (D:10)
  3 cane toads (Lair:1)
  2 gargoyles (D:11)
  2 unseen horrors (D:11)
  4 komodo dragons
  An efreet (D:11)
  A troll (D:10)
  A meliai zombie (D:11)
  Sigmund (D:4)
  2 wyverns
  A vampire (D:10)
  14 yaks
  6 wraiths
  A steam dragon (D:8)
  A basilisk (D:10)
  4 vampire mosquitoes
  2 water moccasins
  4 orc warriors
  4 black bears
  A necrophage (D:7)
  2 ogres
  6 wolves (Lair:1)
  A phantom (D:7)
  7 centaurs
  7 bullfrogs
  2 scorpions
  11 killer bees
  3 electric eels (D:7)
  A howler monkey (D:8)
  2 centaur zombies
  An orc priest (D:8)
  A centaur skeleton (D:7)
  3 hounds
  An iguana (D:4)
  A bullfrog skeleton (D:5)
  5 orc wizards
  A killer bee zombie (D:7)
  2 hound skeletons (D:4)
  A howler monkey zombie (D:8)
  6 adders
  4 gnolls (D:4)
  A shadow imp (D:8)
  An adder skeleton (D:4)
  3 worms
  3 dart slugs
  31 orcs
  7 ball pythons
  3 bats
  3 endoplasms
  7 giant cockroaches
  8 goblins
  7 hobgoblins
  4 jackals (D:4)
  3 quokkas
  4 kobolds
  5 rats
228 creatures vanquished.

Vanquished Creatures (others)
  A quokka (D:8)
  43 fungi
  32 plants
76 creatures vanquished.

Grand Total: 304 creatures vanquished

Notes
Turn   | Place    | Note
-------+----------+-------------------------------------------
     0 | D:1      | theElss the Gargoyle Berserker began the quest for the Orb.
     0 | D:1      | Reached XP level 1. HP: 14/14 MP: 1/1
   221 | D:1      | Reached XP level 2. HP: 10/19 MP: 2/2
  1126 | D:2      | Reached XP level 3. HP: 19/23 MP: 3/3
  1871 | D:2      | Reached XP level 4. HP: 23/29 MP: 4/4
  1962 | D:2      | Found a faded altar of an unknown god.
  1976 | D:2      | Noticed a scorpion
  1984 | D:2      | Killed a scorpion
  1985 | D:2      | Reached skill level 4 in Fighting
  1985 | D:2      | Reached XP level 5. HP: 33/33 MP: 5/5
  2436 | D:3      | Reached ** piety under Trog
  2563 | D:3      | Found a runed translucent door.
  2565 | D:3      | Noticed Olga's ghost (amateur FoFi)
  3153 | D:4      | Noticed Sigmund
  3159 | D:4      | Killed Sigmund
  3160 | D:4      | Reached XP level 6. HP: 39/39 MP: 6/6
  3481 | D:4      | Noticed a black bear
  3486 | D:4      | Killed a black bear
  3487 | D:4      | Reached skill level 5 in Fighting
  3487 | D:4      | Reached XP level 7. HP: 44/44 MP: 7/7
  3921 | D:4      | Reached skill level 5 in Maces & Flails
  4823 | D:5      | Entered Level 5 of the Dungeon
  4840 | D:5      | Reached skill level 5 in Armour
  5063 | D:5      | Found Ifaid's Magic Scroll Shoppe.
  5147 | D:5      | Found a staircase to the Ecumenical Temple.
  5167 | D:5      | Found Vodafed's Weapon Boutique.
  5217 | D:5      | Bought a scroll of identify for 26 gold pieces
  5217 | D:5      | Bought a scroll of fog for 26 gold pieces
  5217 | D:5      | Bought a scroll of fear for 45 gold pieces
  5217 | D:5      | Bought a scroll of teleportation for 39 gold pieces
  5349 | D:5      | Found Tenaus's Assorted Antiques.
  5591 | D:5      | Reached XP level 8. HP: 43/51 MP: 8/8
  5863 | D:6      | You fall into a shaft and drop 2 floors!
  5931 | D:8      | Reached skill level 6 in Fighting
  6372 | D:8      | Found Bienust's General Store.
  6745 | D:8      | Found a white marble altar of Elyvilon.
  6955 | D:7      | Noticed a wyvern
  6961 | D:7      | Killed a wyvern
  6962 | D:7      | Reached XP level 9. HP: 56/56 MP: 9/9
  7086 | D:7      | Reached skill level 7 in Fighting
  7121 | D:7      | Reached skill level 5 in Dodging
  7269 | D:7      | Noticed Pikel
  7290 | D:7      | Killed Pikel
  7865 | D:7      | Reached skill level 8 in Fighting
  8295 | D:8      | Found an ornate altar of the Wu Jian Council.
  8425 | D:8      | Found an ancient bone altar of Kikubaaqudgha.
  8425 | D:8      | Found a basalt altar of Yredelemnul.
  8425 | D:8      | Found a broken altar of Ashenzari.
  8425 | D:8      | Found a hazy altar of Hepliaklqana.
  8431 | D:8      | Found a snail-covered altar of Cheibriados.
  8434 | D:8      | Found a glowing silver altar of Zin.
  8637 | D:9      | Reached XP level 10. HP: 64/64 MP: 10/10
  8873 | D:9      | Noticed a two-headed ogre
  8881 | D:9      | Killed a two-headed ogre
  9125 | D:10     | Entered Level 10 of the Dungeon
  9134 | D:10     | Reached skill level 9 in Fighting
  9311 | D:10     | Found a staircase to the Lair.
  9311 | D:10     | Noticed an elephant
  9330 | D:10     | Killed an elephant
  9394 | D:10     | Noticed a five-headed hydra
  9400 | D:10     | Killed a five-headed hydra
  9549 | D:10     | Reached XP level 11. HP: 20/72 MP: 11/11
  9835 | D:10     | Noticed a boulder beetle
  9875 | D:10     | Killed a boulder beetle
 10012 | D:10     | Noticed a centaur warrior
 10023 | D:10     | Killed a centaur warrior
 10024 | D:10     | Reached skill level 10 in Fighting
 10357 | D:10     | Found an iron altar of Okawaru.
 10357 | D:10     | Noticed Josephine
 10374 | D:10     | Killed Josephine
 10658 | D:10     | Noticed Maurice
 10669 | D:10     | Killed Maurice
 10844 | D:10     | Reached skill level 10 in Armour
 11296 | D:10     | Found a bloodstained altar of Trog.
 11941 | D:11     | Noticed a two-headed ogre
 11947 | D:11     | Killed a two-headed ogre
 12169 | D:11     | Noticed a two-headed ogre
 12188 | D:11     | Killed a two-headed ogre
 12189 | D:11     | Reached skill level 10 in Maces & Flails
 12195 | D:11     | Reached skill level 11 in Fighting
 12195 | D:11     | Reached XP level 12. HP: 68/80 MP: 12/12
 12292 | D:11     | Noticed a centaur warrior
 12299 | D:11     | Killed a centaur warrior
 13071 | Lair:1   | Entered Level 1 of the Lair of Beasts
 13129 | Lair:1   | Noticed a four-headed hydra
 13140 | Lair:1   | Killed a four-headed hydra
 13915 | Lair:1   | Reached *** piety under Trog
 14655 | D:11     | Noticed Snorg
 14666 | D:11     | Killed Snorg
 14737 | D:11     | Noticed a two-headed ogre
 14744 | D:11     | Killed a two-headed ogre
 14827 | D:11     | Reached skill level 12 in Fighting
 14979 | D:11     | Killed from afar by an acid dragon

Illustrated notes

Levels and vault maps discovered:
D:1:      matt_arrival_spirals, layout_loops_ring
D:2:      layout_basic, shapermc_ecumenical_altar_venn, serial_bayou,
          serial_bayou_ford_a, serial_bayou_lake_a, serial_bayou_lagoon_a,
          serial_bayou_pond_d, minmay_goblin_outpost
D:3:      layout_loops_ring, ebering_ghost_inner_flame
D:4:      layout_layer_cave, uniq_sigmund
D:5:      layout_rooms, minmay_temple_entry_hall, serial_shops, shop,
          shop_fountains, nicolae_take_the_stairs
D:6:      layout_loops_ring, nicolae_tso_besieged_by_evil,
          mainiacjoe_overflow_catch_the_wave, serial_shops,
          nicolae_shop_statue_plus
D:7:      layout_basic, minmay_misc_feat_rugged, kennysheep_diamond,
          chequers_serial_rivers_small_a, uniq_pikel
D:8:      layout_basic, minmay_overflow_temple_hex, elyvilon_altar_4,
          nzn_wu_jian_council_hall, serial_shops, nicolae_shop_behind_doors,
          kennysheep_generic_room_11
D:9:      layout_small_grid, kennysheep_flooded_box
D:10:     layout_basic, lemuel_coloured_pillars_altar,
          okawaru_ov_weapons_minmay, david_lair_generic, st_stairs_7,
          nzn_sisyphean_effort, uniq_maurice, uniq_josephine
D:11:     layout_roguey, orc_0_dummy, gammafunk_ghost_smash,
          minmay_pinched_square, uniq_snorg
Lair:1:   layout_loops_ring

Skill      XL: |  1  2  3  4  5  6  7  8  9 10 11 12 |
---------------+-------------------------------------+-----
Dodging        | 2 3 4 5 7 8 9 |  9.1
Armour         | 3 4 5 6 7 9 10 11 | 11.7
Fighting       | 4 5 6 8 9 11 12 | 12.0
Maces & Flails | 4 5 6 7 8 10 11 | 11.0

Action                   |  1- 3 |  4- 6 |  7- 9 | 10-12 || total
-------------------------+-------+-------+-------+-------++-------
Melee: Mace              |   102 |   111 |    26 |       ||   239
       Punch             |     1 |     1 |     4 |    14 ||    20
       Flail             |       |       |   304 |   562 ||   866
       Unarmed           |       |       |     6 |       ||     6
Invok: Berserk           |       |     4 |    15 |    24 ||    43
       Trog's Hand       |       |       |       |     4 ||     4
  Use: Scroll            |       |       |     7 |    11 ||    18
 Stab: Distracted        |       |       |       |     1 ||     1
Armor: Animal skin       |    23 |       |       |       ||    23
       Chain mail        |    22 |    84 |    53 |       ||   159
       Plate armour      |       |       |   242 |   454 ||   696
       Skin              |       |       |     4 |       ||     4
Dodge: Dodged            |    56 |    52 |   169 |   354 ||   631
